[Event "Iranian Women Chess Championship"]
[Site "?"]
[Date "2008.02.19"]
[Round "3"]
[White "Navabi, Shirin (WFM)"]
[Black "Hakimifard, Ghazal (WFM)"]
[Result "0-1"]
[ECO "D37"]
[WhiteElo "2120"]
[BlackElo "2066"]
[PlyCount "84"]
[EventDate "2008.??.??"]
[TimeControl "40/18000:20/3600:1800"]

{78MB, Fritz11.ctg} 1. d4 d5 2. Nf3 Nf6 3. c4 e6 4. Nc3 Be7 5. Bf4 O-O 6. e3 c5
7. dxc5 Bxc5 8. cxd5 Nxd5 9. Nxd5 exd5 10. a3 Nc6 11. Bd3 d4 12. Bxh7+ Kxh7 13.
Qc2+ d3 14. Qxc5 Bg4 15. O-O Rc8 16. b4 Re8 17. Qd6 Qxd6 18. Bxd6 Red8 19. Bf4
f6 20. Nd2 Be2 21. Rfc1 Ne5 22. Rxc8 Rxc8 23. e4 g5 24. Be3 Ng4 25. Bxa7 Rc2
26. Nf1 d2 27. Nxd2 Rxd2 28. f3 Ne5 29. a4 Kg7 30. a5 Rb2 31. Rc1 Rxb4 32. Rc7+
Kg6 33. Bb6 Ba6 34. Rc2 Nd3 35. h3 Ne5 36. Kh2 Nc4 37. Bc7 Ra4 38. h4 gxh4 39.
Kh3 Nxa5 40. Rc5 Nc6 41. Kxh4 Rc4 42. Ra5 Nxa5 0-1

[Event "Iranian Women Chess Championship"]
[Site "?"]
[Date "2008.02.19"]
[Round "3"]
[White "Alavi, Homa"]
[Black "Salman Mahini, Mona (WFM)"]
[Result "1/2-1/2"]
[ECO "C41"]
[WhiteElo "1632"]
[BlackElo "2085"]
[PlyCount "148"]
[EventDate "2008.??.??"]
[TimeControl "40/18000:20/3600:1800"]

{78MB, Fritz11.ctg} 1. d4 d6 2. Nc3 e5 3. dxe5 dxe5 4. Qxd8+ Kxd8 5. Nf3 Nc6 6.
e4 Bd6 7. Be3 Nf6 8. O-O-O Ke7 9. Bg5 Be6 10. Nd5+ Bxd5 11. exd5 Nd8 12. Re1 h6
13. Bh4 g5 14. Nxe5 Kf8 15. Bg3 Nxd5 16. h4 Ne6 17. Bc4 Ndf4 18. Bxf4 Nxf4 19.
Nxf7 Rh7 20. Nxd6 cxd6 21. g3 Rc7 22. gxf4 Rxc4 23. fxg5 Rac8 24. c3 h5 25. Re6
d5 26. Kd2 d4 27. Rh3 dxc3+ 28. bxc3 Rd8+ 29. Kc2 Rf4 30. Rf6+ Rxf6 31. gxf6
Rd6 32. Rf3 Kf7 33. Rf5 Rxf6 34. Rxh5 Rxf2+ 35. Kb3 Kg6 36. Ra5 a6 37. Rc5 Rf7
38. a4 Rf6 39. Rc4 b6 40. Kb4 Kh5 41. a5 b5 42. Rd4 Rc6 43. Re4 Kg6 44. c4 bxc4
45. Rxc4 Re6 46. Kc5 Kf5 47. Rd4 Rh6 48. Rd5+ Ke4 49. Rd6 Rh5+ 50. Kb6 Rxh4 51.
Kxa6 Ke5 52. Rb6 Kd5 53. Ka7 Kc5 54. a6 Rh8 55. Rb8 Rh2 56. Rb7 Kc6 57. Ka8
Rh8+ 58. Rb8 Rh7 59. Rg8 Kb6 60. Rg6+ Kc7 61. Ka7 Rd7 62. Rb6 Kc8+ 63. Ka8 Rc7
64. Rb8+ Kd7 65. Rb7 Kc8 66. Ka7 Rc6 67. Rb3 Rc7+ 68. Kb6 Kb8 69. Rh3 Rc8 70.
Rh7 Rg8 71. Rh6 Rf8 72. Rc6 Rg8 73. a7+ Ka8 74. Ka6 Rg6 1/2-1/2

[Event "Iranian Women Chess Championship"]
[Site "?"]
[Date "2008.02.19"]
[Round "3"]
[White "Hemmatizadeh, Nina"]
[Black "Hejazipour, Mitra"]
[Result "0-1"]
[ECO "A29"]
[WhiteElo "1915"]
[BlackElo "2114"]
[PlyCount "170"]
[EventDate "2008.??.??"]
[TimeControl "40/18000:20/3600:1800"]

{78MB, Fritz11.ctg} 1. c4 e5 2. Nc3 Nf6 3. g3 d5 4. cxd5 Nxd5 5. Bg2 Nb6 6. d3
Nc6 7. Nf3 Be7 8. O-O O-O 9. a4 a5 10. Bd2 Be6 11. Nb5 f5 12. Bc3 Bf6 13. Re1
Qd7 14. Rc1 Nd5 15. Nd2 Rad8 16. Nb3 b6 17. Bd2 Kh8 18. Na1 Rc8 19. Nc2 Rfd8
20. Ne3 Nde7 21. Qc2 e4 22. Bc3 exd3 23. exd3 Bxc3 24. Qxc3 Nb4 25. Rcd1 c6 26.
Na3 Ned5 27. Nxd5 Nxd5 28. Qe5 Re8 29. Bh3 b5 30. Nc2 Qf7 31. Nd4 Bd7 32. Qd6
bxa4 33. Bg2 Nb4 34. Rxe8+ Rxe8 35. Bxc6 Nxc6 36. Nxc6 Qb3 37. Rd2 Qb7 38. Ne5
Be6 39. d4 Qe4 40. Qc6 Qxc6 41. Nxc6 Bd5 42. Ne5 Rc8 43. f4 g6 44. Kf2 Rc1 45.
Nd3 Ra1 46. Rc2 a3 47. bxa3 Rxa3 48. Ke2 a4 49. Nb4 Be4 50. Ra2 Rxa2+ 51. Nxa2
Bd5 52. Nb4 a3 53. Nc2 a2 54. Kd2 Kg7 55. Kc3 Kf6 56. Kb4 Ke6 57. Kc5 Be4 58.
Na1 h6 59. h4 h5 60. Nb3 Bc2 61. Na1 Bd1 62. Kc6 Ba4+ 63. Kc5 Kd7 64. Kd5 Bd1
65. Kc5 Ke6 66. Kc6 Bf3+ 67. Kc5 Bd5 68. Nc2 Bb3 69. Na1 Ba4 70. d5+ Kd7 71. d6
Ke6 72. Kc4 Kxd6 73. Kd4 Kc6 74. Kc4 Bd1 75. Kc3 Kc5 76. Kd2 Kd4 77. Kxd1 Ke3
78. Kc2 Kf3 79. Kb2 Kxg3 80. Kxa2 Kxh4 81. Nc2 Kg3 82. Ne3 Kxf4 83. Nf1 g5 84.
Kb2 g4 85. Kc2 g3 0-1

[Event "Iranian Women Chess Championship"]
[Site "?"]
[Date "2008.02.20"]
[Round "3"]
[White "Pourkashian, Atousa (WIM)"]
[Black "Ghader Pour, Shayesteh"]
[Result "1-0"]
[ECO "B57"]
[WhiteElo "2282"]
[BlackElo "2185"]
[PlyCount "103"]
[EventDate "2008.??.??"]
[TimeControl "40/18000:20/3600:1800"]

{78MB, Fritz11.ctg} 1. e4 c5 2. Nf3 d6 3. d4 cxd4 4. Nxd4 Nf6 5. Nc3 Nc6 6. Bc4
Bd7 7. O-O g6 8. Nd5 Nxd5 9. exd5 Ne5 10. Be2 Bg7 11. f4 Ng4 12. Bxg4 Bxg4 13.
Qxg4 Bxd4+ 14. Kh1 Bf6 15. f5 Qd7 16. c3 g5 17. Be3 h6 18. Rae1 Kf8 19. Bd4 Kg7
20. Re2 b5 21. Rfe1 Rae8 22. b3 Kh7 23. Qe4 Rc8 24. h3 Rc7 25. Qd3 Qd8 26. Qxb5
Bxd4 27. cxd4 Kg7 28. Re4 Kf6 29. Qe2 Qd7 30. Re6+ $6 (30. Qf3 $1 Qe8 31. h4
Qg8 32. Qe2 $18) 30... fxe6 31. fxe6 Qe8 32. Rf1+ Kg7 33. Rf7+ Qxf7 34. exf7
Rf8 35. b4 Rxf7 36. b5 Rf5 37. a4 Rxd5 38. Qe4 e6 39. a5 Rb7 40. Qxe6 Rbxb5 41.
a6 {Diagram #} Rxd4 $4 (41... Ra5 42. Qd7+ Kg6 43. Qxa7 Ra1+ 44. Kh2 Rda5 $14)
42. Qd7+ Kg6 43. Qxb5 Rf4 44. Qd3+ Kg7 45. Qxd6 Rf7 46. Kh2 Kh7 47. Kg3 Kg7 48.
Kg4 Rf4+ 49. Kg3 Rf7 50. Qe6 Rf8 51. Qe5+ Rf6 52. Qd4 1-0